[Event "125-Jahre Werder Bremen 2024"]
[Site "Bremen"]
[Date "2024.03.02"]
[Round "1.11"]
[White "Pajeken, Jakob Leon"]
[Black "Wiegmann, Sascha"]
[Result "0-1"]
[ECO "B92"]
[WhiteElo "2424"]
[BlackElo "2297"]
[Annotator "TA"]
[PlyCount "56"]
[EventDate "2024.02.26"]
[EventType "swiss"]
[EventCountry "GER"]
[SourceTitle "playchess.com"]
[Source "ChessBase"]
[SourceQuality "1"]
[TimeControl "40/6000+30:1800+30"]

1. e4 c5 2. Nf3 d6 3. Nc3 Nf6 4. d4 cxd4 5. Nxd4 a6 6. Be2 e5 7. Nb3 Be6 8. f4 Qc7 9. g4 {[%emt 0:00:05] Strongly threatening g5.} b5 10. f5 Bc4 11. a3 (11. g5 $16 Bxe2 12. Qxe2) 11... h6 $11 {[%emt 0:09:18] The position is equal.} 12. Be3 Nbd7 13. Bf3 Rc8 14. Qd2 Be7 (14... d5 $5 15. exd5 (15. Nxd5 Bxd5 16. exd5 Bd6 $17) 15... b4 16. axb4 Bxb4 $11) 15. h4 {[%emt 0:08:09] [#]} d5 $1 16. exd5 e4 $1 17. Bf4 (17. Nxe4 Nxe4 18. Bxe4 O-O $17) (17. Bxe4 O-O 18. Bg2 Bxb3 (18... Nxg4 19. O-O-O $17) 19. cxb3 Qg3+ (19... Nxg4 20. O-O-O $15) 20. Qf2 Qxg4 $17) (17. Be2 $1 $11 {and White is okay.}) 17... Bd6 18. Bxd6 (18. Bxe4 $2 Bxf4 19. Qd4 Bxb3 (19... Nxg4 $2 20. d6 $19) 20. cxb3 Be5 $19 (20... Nxg4 $2 21. Qxg7 Qe5 22. Qxe5+ Bxe5 23. d6 $19)) 18... Qxd6 19. Nxe4 {[%emt 0:01:43] [#]} (19. Bg2 $17 Bxb3 (19... Nxd5 20. O-O-O $16) (19... Nxg4 20. Nxe4 Qe5 21. Nd4 $11) 20. O-O-O) 19... Nxe4 $19 20. Bxe4 O-O ({Don't do} 20... Nf6 21. Bd3 Bxb3 (21... Bxd5 22. O-O-O $17) (21... Nxg4 22. Qe2+ Ne5 23. Bxc4 $17) 22. O-O-O Nxg4 (22... Qxd5 23. Qb4 $16) 23. Rhg1 $19) 21. Kf2 $2 (21. Qh2 Qb6 22. O-O-O (22. Nd2 $2 Qe3+ 23. Kd1 Rfe8 $19) 22... Bxb3 23. Kb1) 21... Rfe8 {[%emt 0:01:36] Black is clearly winning.} 22. Rae1 Nf6 $1 23. Bf3 Rxe1 (23... Nxd5 24. Rxe8+ Rxe8 25. Qd4 $11) 24. Qxe1 Qf4 ({Less strong is} 24... Nxd5 25. Qd2 $17) 25. Rh3 Bxb3 26. cxb3 Rc2+ (26... Nxd5 $2 27. Qe4 Qd2+ 28. Be2 $19) 27. Kg1 Rc1 28. Bd1 Qd4+ {[%emt 0:00:30] Weighted Error Value: White=1.01/Black=0.03 (flawless) .  Loses game:     	White=2     	---        Mistake:       	White=2     	---        Inaccurate:     	White=1     	Black=1      OK:         	White=2     	Black=4      Best:        	White=2     	Black=1      Strong:       	---       	Black=1} 0-1

[Event "125-Jahre Werder Bremen 2024"]
[Site "Bremen"]
[Date "2024.03.02"]
[Round "1.12"]
[White "Soderstrom, Adrian"]
[Black "Meins, Gerlef"]
[Result "1/2-1/2"]
[ECO "B63"]
[WhiteElo "2288"]
[BlackElo "2390"]
[Annotator "RC"]
[PlyCount "113"]
[EventDate "2024.02.26"]
[EventType "swiss"]
[EventCountry "GER"]
[SourceTitle "playchess.com"]
[Source "ChessBase"]
[SourceQuality "1"]
[TimeControl "40/6000+30:1800+30"]

1. e4 c5 2. Nf3 Nc6 3. d4 cxd4 4. Nxd4 Nf6 5. Nc3 d6 6. Bg5 e6 7. Qd2 Be7 8. O-O-O Nxd4 9. Qxd4 O-O 10. h4 Bd7 11. Bxf6 Bxf6 12. Qxd6 Bc6 13. Qxd8 Rfxd8 14. Rxd8+ Rxd8 15. Bd3 Bd4 16. Rf1 g6 17. Ne2 Bb6 18. f3 Be3+ 19. Kb1 f5 20. exf5 exf5 21. Rd1 Kg7 22. h5 Kf6 23. hxg6 hxg6 24. Rh1 Kg7 25. Rh3 Rh8 26. Rxh8 Kxh8 27. c3 Kg7 28. Nd4 Bd7 29. Kc2 Kf6 30. Bb5 Bxd4 31. Bxd7 Bf2 32. Kd3 Ke7 33. Bc8 b6 34. Kc4 Kd6 35. Kb5 a5 36. Bb7 f4 37. Be4 g5 38. a4 Kc7 39. Kc4 Kd6 40. Ba8 Be3 41. Kd3 Ke5 42. g4 Bf2 43. Kc4 Kd6 44. Kb5 Kc7 45. Be4 Be3 46. b4 axb4 47. cxb4 Bd2 48. Kc4 Be1 49. Bc2 Kd6 50. Bb3 Kc7 51. b5 Kd6 52. Kd4 Bf2+ 53. Ke4 Kc5 54. Kf5 Bh4 55. Ke6 Kb4 56. Bd1 Ka5 57. Ke5 1/2-1/2

[Event "125-Jahre Werder Bremen 2024"]
[Site "Bremen"]
[Date "2024.03.03"]
[Round "2.1"]
[White "Wachinger, Nikolas"]
[Black "Aditya Mittal"]
[Result "1/2-1/2"]
[ECO "B33"]
[WhiteElo "2442"]
[BlackElo "2594"]
[Annotator "TA"]
[PlyCount "118"]
[EventDate "2024.02.26"]
[EventType "swiss"]
[EventCountry "GER"]
[SourceTitle "playchess.com"]
[Source "ChessBase"]
[SourceQuality "1"]
[TimeControl "40/6000+30:1800+30"]

1. e4 c5 2. Nf3 Nc6 3. d4 cxd4 4. Nxd4 Nf6 5. Nc3 e5 6. Ndb5 d6 7. Bg5 a6 8. Na3 b5 9. Nd5 Be7 10. Bxf6 Bxf6 11. c3 O-O 12. Nc2 Rb8 13. h4 g6 14. g3 Bg7 15. h5 Ne7 16. Nce3 {[%emt 0:13:00] A dynamic duo of knights. White is slightly better.} Bb7 17. a3 Nxd5 18. Nxd5 Qg5 19. hxg6 hxg6 20. Qg4 Bh6 21. Qxg5 Bxg5 22. Rd1 Kg7 23. Bh3 a5 24. Bd7 {[%emt 0:07:48] [#]} b4 $1 25. axb4 (25. cxb4 axb4) 25... axb4 26. c4 b3 27. Bb5 f5 28. f4 ({Better is} 28. Nc7 $11 Rf6 (28... Bxe4 29. Ne6+ Kg8 30. Rh3 $14) 29. Ne8+ Rxe8 30. Bxe8 Bxe4 31. O-O) 28... Bd8 29. exf5 exf4 30. gxf4 (30. g4 $15) 30... Rxf5 $17 (30... gxf5 31. Ke2 $14) 31. Bd7 Bxd5 32. Rxd5 Rxf4 (32... Rxd5 $17 33. cxd5 Bf6) 33. Rb5 $15 Rxb5 34. Bxb5 {[%emt 0:00:50][%mdl 4096] Endgame. KRB-KRB} Rg4 35. Kf2 {[%emt 0:02:35] Inhibits Rg2+.} Bh4+ 36. Kf1 Rf4+ 37. Ke2 g5 38. Rh2 Kf6 39. Ke3 Ke5 40. Rh3 $1 Bf2+ (40... Rf2 41. Rxh4 Rxb2 42. Re4+ Kf6 43. Rd4 $16) 41. Ke2 Bc5 {[%emt 0:06:54] ...Rf2+ would now be deadly.} 42. Rxb3 g4 {[%emt 0:00:24] And now ...Rf2+ would win.} 43. Bc6 Rxc4 44. Rb8 Kf4 45. Kd3 {[%emt 0:01:14] [#]} d5 46. b4 {[%emt 0:01:02] [#]} (46. Ke2 d4) 46... Ba7 (46... Rd4+ $1 $17 47. Kc3 Rc4+ 48. Kd3 Bf2 (48... Bxb4 49. Bxd5 Rc3+ 50. Kd4 $11) 49. Rf8+ Ke5 50. Bxd5 Rd4+ (50... Rxb4 51. Rxf2 Kxd5 52. Rf8 $11) 51. Ke2 Bh4) 47. Rf8+ $11 Ke5 48. b5 Rd4+ 49. Ke2 Kd6 50. Re8 Bb6 51. Kf2 (51. Rg8 $11 {keeps the balance.}) 51... Rd1+ ({Black should try} 51... Bc7 $17) 52. Ke2 Ra1 {[%emt 0:02:30] White must now prevent ...Ra2+.} 53. Rg8 Ra2+ 54. Kf1 Rf2+ 55. Ke1 {[%emt 0:00:01] The position is equal.} Rf4 56. Rg5 Rd4 57. Ke2 Bc7 58. Rg6+ Kc5 59. Bd7 $1 Re4+ {[%emt 0:00:49] Weighted Error Value: White=0.16 (very precise) /Black=0.14 (very precise) .  Mistake:       	White=3     	Black=3      Inaccurate:     	White=9     	Black=7      OK:         	White=12    	Black=13     Best:        	White=4     	Black=3      Strong:       	White=2     	---} 1/2-1/2

[Event "125-Jahre Werder Bremen 2024"]
[Site "Bremen"]
[Date "2024.03.03"]
[Round "2.2"]
[White "Wiegmann, Sascha"]
[Black "Cheng, Bobby"]
[Result "0-1"]
[ECO "B50"]
[WhiteElo "2297"]
[BlackElo "2584"]
[Annotator "TA"]
[PlyCount "78"]
[EventDate "2024.02.26"]
[EventType "swiss"]
[EventCountry "GER"]
[SourceTitle "playchess.com"]
[Source "ChessBase"]
[SourceQuality "1"]
[TimeControl "40/6000+30:1800+30"]

1. e4 c5 2. Nf3 d6 3. g3 Nf6 4. Bg2 Nxe4 5. O-O Nf6 6. d4 cxd4 7. Nxd4 e6 8. c4 {[%emt 0:03:26] The position is equal.} Be7 9. Nc3 O-O 10. Qe2 a6 11. Rd1 Qc7 12. a4 Nc6 13. a5 Bd7 (13... Nxa5 $142 14. c5 d5 (14... Qxc5 15. Be3 $17) (14... dxc5 15. Bf4 $17)) 14. Bf4 (14. Nb3 $142) 14... Nxd4 15. Rxd4 Bc6 16. c5 (16. Bxc6 $17 {keeps fighting.} bxc6 (16... Qxc6 17. Nd5 $15) 17. Rd2) 16... e5 $19 17. cxd6 Bxd6 18. Rxd6 Qxd6 19. Bxe5 Qe6 20. Bd4 Rfe8 21. Qxe6 Rxe6 ({Much less strong is} 21... fxe6 22. Bxc6 bxc6 23. Rc1) 22. Bxc6 Rxc6 23. Ra4 Rd8 24. Rb4 Rd7 25. Be3 h6 26. Rf4 Re6 27. Rc4 Re5 28. b4 Re6 29. Rf4 (29. Kf1 $142) 29... Rd3 30. Rc4 Rc6 31. Bc5 Nd7 32. Na4 Ra3 33. Rd4 Rc7 34. Nb6 {[%emt 0:01:48] [#]} (34. Bd6 {is a better defense.} Rc1+ 35. Kg2 Rxa4 36. Bf4) 34... Nxc5 {[%emt 0:00:41] Black is clearly winning.} 35. bxc5 Rxa5 36. Rd8+ Kh7 37. Nd7 g5 38. g4 Kg7 {[%emt 0:00:13] [#] Prevents Nf6. ...Ra1+ would now be deadly.} 39. Kg2 Ra4 {[%emt 0:00:37] Weighted Error Value: White=0.37/Black=0.04 (flawless) .  Mistake:       	White=5     	Black=1      Inaccurate:     	White=2     	---        OK:         	White=10    	Black=19     Best:        	White=1     	Black=1} 0-1

[Event "125-Jahre Werder Bremen 2024"]
[Site "Bremen"]
[Date "2024.03.03"]
[Round "2.3"]
[White "Gumularz, Szymon"]
[Black "Breutigam, Martin"]
[Result "1-0"]
[ECO "E06"]
[WhiteElo "2590"]
[BlackElo "2359"]
[Annotator "TA"]
[PlyCount "77"]
[EventDate "2024.02.26"]
[EventType "swiss"]
[EventCountry "GER"]
[SourceTitle "playchess.com"]
[Source "ChessBase"]
[SourceQuality "1"]
[TimeControl "40/6000+30:1800+30"]

1. c4 e6 2. g3 d5 3. Bg2 Nf6 4. Nf3 Be7 5. O-O O-O 6. d4 c6 7. Nc3 a5 {[%emt 0:02:19] E06: Closed Catalan: Early deviations.} 8. Nd2 b6 9. e4 Ba6 10. e5 Ne8 $146 ({Predecessor:} 10... Nfd7 11. b3 b5 12. Re1 b4 13. Na4 Nb6 14. Nxb6 Qxb6 15. c5 Qd8 16. Nf1 Bb5 {0-1 Ernst,L (2093)-Kleibel,U (2302) Titled Tuesday intern op 26th Sep Early blitz 2023 (5)}) 11. b3 b5 12. c5 b4 13. Ne2 Nd7 14. Re1 Bxe2 (14... g5 $14) 15. Qxe2 $16 Nc7 16. Nf3 Re8 17. Bd2 Nb5 18. h4 h6 19. Qe3 Na3 20. Rac1 Qb8 21. Bf1 f5 (21... Rc8 $16 22. Qf4 Nb5) 22. exf6 $18 Bxf6 23. Bh3 Nf8 24. g4 g5 25. hxg5 hxg5 26. Ne5 Qc7 {[%emt 0:04:13] [#]} (26... Bxe5 {was called for.} 27. dxe5 Qd8) 27. Bf1 $1 $18 Nb5 28. Qf3 Qg7 29. Bxb5 (29. Nxc6 Nxd4 30. Nxd4 Bxd4 $11) 29... cxb5 30. Qd3 Nd7 31. Nf3 (31. Qxb5 $6 Nxe5 (31... Bxe5 32. c6 $16) 32. dxe5 Bxe5) 31... Nf8 32. c6 (32. Qxb5 Ng6 $16) 32... Ng6 (32... Re7 {was worth a try.} 33. Ne5 (33. Qxb5 Bxd4 34. Kg2 Bf6 $18) 33... Rc8) 33. c7 $18 (33. Qxb5 Nh4 34. Nxh4 gxh4 $18) (33. Bxg5 $2 Bxg5 34. Nxg5 Nf4 $19) (33. Nxg5 Nh4 $18) 33... Rac8 34. Rc6 (34. Bxg5 $2 Bxg5 35. Nxg5 Nf4 $19) (34. Qxb5 Nh4 35. Re3 (35. Nxh4 gxh4 36. Kh2 Bxd4 $11) 35... Bxd4 $16) (34. Nxg5 Nf8 35. Nf3 (35. Qe3 Bxd4 36. Qf4 Bb6 $11) 35... Qxg4+ 36. Kf1 Bg7) 34... Nf8 35. Qxb5 Qd7 (35... Re7 $142 36. Qxa5 Qh6 37. Rexe6 (37. Qxb4 Rh7 $16) 37... Nxe6 38. Rxe6 (38. Bxb4 $2 Rh7 $19) (38. Qa6 Rcxc7 39. Rxe6 Qh3 $11) 38... Rxe6 39. Qxd5 Rxc7 40. Qxe6+ Kh7 41. Bxb4 Rc1+ 42. Be1 Kg7 43. Qd7+ Kh8) 36. Ne5 $18 (36. Bxg5 Qg7 37. Qa6 Bxg5 38. Rcxe6 Bf4 (38... Nxe6 $2 39. Rxe6 Qd7 40. Rg6+ Kh8 41. Rxg5 $18) 39. Rxe8 Qxg4+ 40. Kf1 Qh3+ 41. Kg1 Qg4+ 42. Kf1 Qh3+ 43. Kg1 Qg4+ $11) (36. Nxg5 Rxc7 37. Rb6 Bxd4 38. Qxd7 Rxd7 $11) 36... Bxe5 37. Rxe5 (37. dxe5 Rxc7 38. Rc5 (38. Rec1 Rec8 $11) 38... Rxc5 39. Qxc5 Rc8 40. Qxa5 Qf7 $14) 37... Rxc7 (37... Nh7 $142 38. Qb7 (38. Bxg5 Rxc7 39. Rb6 Qxb5 $16) 38... Kh8) 38. Rxg5+ $18 Kh8 39. Bf4 (39. Rh5+ Kg8 40. Rg5+ Kf7 $18) 1-0

[Event "125-Jahre Werder Bremen 2024"]
[Site "Bremen"]
[Date "2024.03.03"]
[Round "2.4"]
[White "Efimenko, Zahar"]
[Black "Reuker, Jari"]
[Result "1-0"]
[ECO "C48"]
[WhiteElo "2568"]
[BlackElo "2383"]
[Annotator "TA"]
[PlyCount "131"]
[EventDate "2024.02.26"]
[EventType "swiss"]
[EventCountry "GER"]
[SourceTitle "playchess.com"]
[Source "ChessBase"]
[SourceQuality "1"]
[TimeControl "40/6000+30:1800+30"]

1. e4 e5 2. Nf3 Nc6 3. Bb5 Nf6 4. d3 Bc5 5. O-O d6 6. Nc3 a6 {[%emt 0:20:01] C48: Four Knights: 4 Bb5, replies other than 4...Bb4.} 7. Bxc6+ bxc6 8. d4 exd4 9. Nxd4 Bd7 10. h3 h6 11. Re1 O-O 12. Nf3 $146 ({Predecessor:} 12. Qd3 Re8 13. Nf3 Qb8 14. a3 Qb6 15. Re2 Qb7 16. b3 Nh5 17. Be3 Bxe3 18. Rxe3 {1-0 Koskinen,P (2210)-Laine,E (1933) FIN SC45 email 2012}) 12... Re8 13. e5 dxe5 14. Nxe5 Bf5 15. Qf3 Bxc2 16. Bf4 Bd6 17. Rac1 Bg6 18. Nxc6 Qd7 19. Bxd6 cxd6 20. Re7 Qf5 21. Qxf5 Bxf5 22. Rxe8+ Rxe8 23. Rd1 Ne4 24. Nd5 Bd7 25. Nd4 Rb8 26. b4 Be6 27. Ne7+ Kf8 28. Nec6 Rb6 29. a3 d5 30. Rc1 Nd6 31. Na5 Nb5 32. Nxb5 axb5 33. Nc6 Bd7 34. Nd4 Ke7 35. f3 Kd6 36. Kf2 Ra6 37. Rc3 h5 38. h4 Ra8 39. Ke3 f6 40. Kd2 g5 41. g3 Rg8 42. Rc5 Ra8 43. Nc2 Bf5 44. Ne3 Be6 45. Rxb5 Rxa3 46. Rb6+ Ke7 $1 47. Nc2 Ra2 (47... Rxf3 $2 48. Rxe6+ Kd7 49. Re3 Rf2+ 50. Re2 $18) 48. Kc3 Bf5 49. Nd4 Bd7 50. b5 gxh4 51. gxh4 Ra4 52. Rb8 Rc4+ 53. Kd3 Rb4 54. b6 Kd6 55. b7 Rb6 56. Ke3 Kc7 57. Rh8 Rxb7 58. Rxh5 Kd6 59. Rh6 Ke7 60. Rh7+ Kd6 61. Rf7 f5 $2 (61... Rc7 $11 {and Black is okay.}) 62. h5 $1 $18 (62. Nxf5+ Ke5 63. Nd4 Rc7 $11) 62... Rb1 $2 (62... f4+ 63. Kxf4 Rb4) 63. h6 $1 $18 (63. Nxf5+ Bxf5 64. Rxf5 Rh1 $11) 63... Rh1 64. h7 (64. Nxf5+ Bxf5 65. Rxf5 Rxh6 $11) 64... Rh4 65. f4 $1 (65. Nxf5+ Bxf5 66. Rxf5 Ke6 $11 (66... Rxh7 67. f4 $11)) 65... Rh6 $2 (65... Rh1 66. Nf3 (66. Nxf5+ Bxf5 67. Rxf5 Rxh7 $11) 66... Be8) 66. Rf6+ 1-0

[Event "125-Jahre Werder Bremen 2024"]
[Site "Bremen"]
[Date "2024.03.03"]
[Round "2.5"]
[White "Kopylov, Michael"]
[Black "Teclaf, Pawel"]
[Result "1/2-1/2"]
[ECO "E15"]
[WhiteElo "2352"]
[BlackElo "2556"]
[Annotator "TA"]
[PlyCount "56"]
[EventDate "2024.02.26"]
[EventType "swiss"]
[EventCountry "GER"]
[SourceTitle "playchess.com"]
[Source "ChessBase"]
[SourceQuality "1"]
[TimeControl "40/6000+30:1800+30"]

1. d4 Nf6 2. c4 b6 3. Nf3 e6 4. g3 Ba6 5. Nbd2 b5 6. cxb5 (6. c5 $14) 6... Bxb5 $11 7. Bg2 Be7 8. O-O {[%emt 0:02:24] The position is equal.} O-O 9. Ne5 d5 10. Re1 Nfd7 11. Ndf3 c5 12. e4 dxe4 13. Rxe4 Bc6 14. Nxc6 Nxc6 15. Re1 Rc8 16. d5 exd5 17. Qxd5 Nb4 18. Qe4 Bf6 (18... Re8 $1 $14) 19. a3 $36 {[%emt 0:02:59][%mdl 2048] White is on the roll.} Nc6 20. Bh3 $1 Nd4 (20... h6 $142) 21. Nxd4 ({White must play} 21. Bf4 $16) 21... cxd4 (21... Bxd4 $14 22. Bf4 Nf6) 22. Bf4 Nc5 {[%emt 0:02:15] Dodges Qb7} 23. Qf3 Ra8 {[%emt 0:02:42] [#]} 24. Rac1 $1 {[%emt 0:02:37] White is much more active.} Qb6 25. b4 Ne6 {[%emt 0:03:01] [#]} 26. Bxe6 fxe6 27. Rc6 Qb7 28. Qe4 (28. Rexe6 $18 Rad8 29. Qb3) 28... Rfe8 {[%emt 0:03:27] Weighted Error Value: White=0.14 (very precise) /Black=0.20 (precise) .  Mistake:       	White=2     	Black=3      Inaccurate:     	---       	Black=2      OK:         	White=9     	Black=10     Best:        	White=2     	---        Strong:       	White=2     	---} 1/2-1/2

[Event "125-Jahre Werder Bremen 2024"]
[Site "Bremen"]
[Date "2024.03.03"]
[Round "2.6"]
[White "Pruijssers, Roeland"]
[Black "Kopylov, Daniel"]
[Result "1/2-1/2"]
[ECO "D35"]
[WhiteElo "2537"]
[BlackElo "2346"]
[Annotator "TA"]
[PlyCount "134"]
[EventDate "2024.02.26"]
[EventType "swiss"]
[EventCountry "GER"]
[SourceTitle "playchess.com"]
[Source "ChessBase"]
[SourceQuality "1"]
[TimeControl "40/6000+30:1800+30"]

1. d4 Nf6 2. c4 e6 3. Nc3 d5 4. cxd5 exd5 5. Bg5 Bb4 6. e3 h6 7. Bxf6 {[%emt 0:03:39] D35: Queen's Gambit Declined: Exchange Variation.} Qxf6 8. Qa4+ Nc6 9. Bb5 O-O 10. Nge2 Bxc3+ 11. bxc3 Ne7 12. O-O Qd6 $146 ({Predecessor:} 12... Bf5 13. Ng3 Bg6 14. Be2 c5 15. Qb5 Qb6 16. a4 c4 17. Ra2 Qxb5 18. axb5 a5 19. bxa6 Rxa6 {0-1 Grigoryan,K (2626)-Maghsoodloo,P (2716) FRA-chT Top 16 Gp Haute 2023 (3.4)}) 13. Bd3 c5 14. Qa3 b6 15. Rab1 Rd8 16. dxc5 Qxc5 17. Qxc5 bxc5 18. Rfd1 Be6 19. Rb7 Kf8 20. Nf4 Rdb8 21. Rdb1 Rxb7 22. Rxb7 Bc8 23. Rb2 c4 24. Bc2 g5 25. Ne2 Nc6 26. f4 Rb8 27. Rxb8 Nxb8 28. Nd4 f6 ({Black should play} 28... Nd7 $11) 29. e4 Bb7 30. Kf2 Nd7 31. Ke3 Nc5 32. exd5 Bxd5 33. g3 Bg8 34. Bd1 Bh7 (34... a5 $16 35. Nc6 gxf4+ 36. Kxf4 (36. gxf4 a4 $16) 36... a4) 35. Be2 (35. fxg5 $18 fxg5 36. Nc6) 35... Ne4 $16 36. Bxc4 Nxc3 (36... gxf4+ 37. gxf4 (37. Kxf4 Nxc3 38. Nc6 Bg8 $14) 37... Nxc3 38. h3 $11) 37. Nc6 $1 Bg8 38. Bxg8 Kxg8 39. a3 (39. Nxa7 Nxa2 40. Nc6 Kf7 $11) 39... a6 40. f5 Kf7 (40... h5 $16) 41. Kd3 $18 Nb5 {[%emt 0:08:09] [#]} 42. a4 $1 Nd6 43. g4 h5 44. h3 (44. gxh5 $16 {Strongly threatening Nb4.} Nxf5 45. Nb4) 44... hxg4 $11 45. hxg4 Ke8 46. Kd4 Nf7 $1 47. a5 Nh6 48. Nb8 Nxg4 49. Nxa6 Ne5 50. Nb4 Kd7 51. a6 Kc8 52. Nd5 Nd7 53. Ne3 Ne5 54. Kd5 g4 55. Ke6 (55. Ke4 $5) 55... g3 56. Kxf6 Nd7+ {[%emt 0:02:06] [#]} (56... Ng4+ $11 57. Ke6 (57. Nxg4 $2 {loses.} g2 $19) 57... Kb8) 57. Ke6 (57. Ke7 $1 $16 {a7 would kill now.} Ne5 58. f6) 57... Nc5+ $11 58. Kd6 Ne4+ $1 59. Kc6 (59. Ke5 $5 Nc5 $8 60. Kd6 (60. a7 Kb7 $11) (60. f6 Nd7+ 61. Ke4 Nxf6+ 62. Kf3 Nd7 $11) 60... Nxa6 61. f6 $14) 59... Kb8 60. Kb6 Nf6 $1 61. Ng2 Nd5+ 62. Kc5 Nf6 63. Nf4 Ka7 64. Kb5 Ne4 65. Ka5 Nf6 66. Ng2 Ne4 67. Ne3 Nf6 1/2-1/2

[Event "125-Jahre Werder Bremen 2024"]
[Site "Bremen"]
[Date "2024.03.03"]
[Round "2.7"]
[White "Radeva, Viktoria"]
[Black "Plat, Vojtech"]
[Result "0-1"]
[ECO "B02"]
[WhiteElo "2325"]
[BlackElo "2528"]
[Annotator "TA"]
[PlyCount "116"]
[EventDate "2024.02.26"]
[EventType "swiss"]
[EventCountry "GER"]
[SourceTitle "playchess.com"]
[Source "ChessBase"]
[SourceQuality "1"]
[TimeControl "40/6000+30:1800+30"]

1. e4 Nf6 2. e5 Ng8 3. Nf3 d6 4. exd6 cxd6 5. d4 Nf6 6. Bd3 {[%emt 0:00:39] B02: Alekhine's Defence: Chase Variation and lines with early Nc3.} g6 7. O-O Bg7 8. Re1 Nc6 9. c3 O-O 10. h3 b6 11. Bf4 Bb7 12. Bh2 $146 ({Predecessor:} 12. Bf1 Nh5 13. Bh2 Qc7 14. Na3 Rae8 15. Nc4 Qd8 16. a4 d5 17. Nce5 Bxe5 18. Nxe5 f6 19. Nxc6 Bxc6 {1-0 Stocek,J (2566)-Obolentseva,A (2315) Marianske Lazne GM-A2 17th 2018 (5)}) 12... Re8 13. Nbd2 Qd7 14. Qb3 Rad8 15. Rad1 Qc8 16. Ng5 d5 17. Ngf3 Nd7 18. Bb5 (18. Qxd5 $2 Nc5 (18... Nxd4 19. Qc4 $15) 19. Qc4 Ba6 20. dxc5 Bxc4 21. Bxc4 bxc5 $19) 18... a6 19. Bf1 b5 20. a4 (20. Qxd5 Nxd4 21. Qg5 Nf5 $17) 20... bxa4 21. Qxa4 (21. Qxd5 Nxd4 22. Qa5 Nxf3+ 23. Nxf3 Nc5 $11) 21... e5 22. dxe5 Ndxe5 23. Nxe5 Nxe5 24. Bxe5 Rxe5 25. Rxe5 Bxe5 26. Nf3 Bg7 27. Nd4 Qc7 28. Re1 (28. Bxa6 $2 {perishes.} Ra8 29. Re1 Rxa6 $19 (29... Bxa6 $2 30. Re8+ Rxe8 31. Qxe8+ Bf8 32. Qa4 $19)) 28... Qb6 29. Re8+ Rxe8 30. Qxe8+ Bf8 31. b4 Qc7 32. Qe3 Bd6 33. Nb3 Bc8 34. Qd3 Bf8 35. Qe3 h5 36. Qd3 Kh7 37. Qxd5 Be6 38. Qa5 Qxc3 39. Nc5 Bxc5 40. Qxc5 Qxc5 41. bxc5 a5 42. Bb5 $2 (42. c6 $1 $11) 42... Kg7 $19 43. f4 Kf6 44. Kf2 h4 (44... Ke7 $17 {White must now prevent ...Bb3.} 45. Ke3 Bd7) 45. Ke3 $2 (45. g3 $11 {and White has nothing to worry.}) 45... Bd5 $19 46. c6 $2 (46. Kf2 Bb3 47. Ke3) 46... Ke7 $2 (46... Bxg2 47. c7 Bxh3) 47. c7 $19 Bb7 $1 48. Bc6 $2 (48. f5 gxf5 49. Kf4) 48... Bc8 $19 49. Kd4 (49. Bb5 $142 Kd6 50. Kf3 (50. Be8 f6 $17)) 49... Kd6 $19 50. Be8 f6 (50... Kxc7 $2 51. Bxf7 Bb7 52. Bxg6 $19) 51. Bxg6 Kxc7 52. Kc5 Bb7 53. Kb5 Bxg2 54. Bf5 Kd6 55. Kxa5 Kc5 56. Bg4 Kd4 57. Kb4 Ke4 58. f5 Bf3 0-1

[Event "125-Jahre Werder Bremen 2024"]
[Site "Bremen"]
[Date "2024.03.03"]
[Round "2.8"]
[White "Krastev, Alexander"]
[Black "Soderstrom, Adrian"]
[Result "1/2-1/2"]
[ECO "C10"]
[WhiteElo "2457"]
[BlackElo "2288"]
[Annotator "TA"]
[PlyCount "99"]
[EventDate "2024.02.26"]
[EventType "swiss"]
[EventCountry "GER"]
[SourceTitle "playchess.com"]
[Source "ChessBase"]
[SourceQuality "1"]
[TimeControl "40/6000+30:1800+30"]

1. e4 e6 2. d4 d5 3. Nc3 dxe4 4. Nxe4 Bd7 5. Nf3 Bc6 6. Bd3 Nd7 7. O-O Ngf6 8. Ned2 Be7 9. Re1 O-O 10. c3 b6 11. b4 Bb7 12. Rb1 {[%emt 0:00:15] White has an edge.} Qc8 13. c4 Rd8 (13... c6 $14) 14. Qc2 (14. d5 $1 $16) 14... Nf8 15. c5 Bd5 16. Ne5 N6d7 17. Ndf3 Nxe5 18. Nxe5 Bf6 19. c6 ({White should try} 19. Bf4 $14) 19... a5 (19... Bxe5 $11 {keeps the balance.} 20. Rxe5 (20. dxe5 Bxc6 21. Bxh7+ Nxh7 $11) 20... a6) 20. b5 $16 Ng6 21. Ba3 (21. Re3 $16) 21... Bxe5 ({Black should play} 21... Re8 $14) 22. dxe5 Re8 23. Rbd1 Qd8 24. Bxg6 fxg6 25. Rd4 Qg5 {[%emt 0:00:57][%csl Gd5][%cal Rg5g2] [#] Prevents Rg4.} 26. f4 $1 {[%emt 0:00:03] Active counter play!} Qf5 {[%emt 0:01:39] Black is weak on the dark squares} 27. Qd2 Rad8 28. h3 Qf7 29. Kh2 Qf5 30. Kg1 Qf7 $1 31. Re3 Qf5 32. Red3 Qf7 33. Qe3 Rc8 34. Rd2 Qf5 35. Qe1 {[%emt 0:01:00] Inhibits Qb1.} Rcd8 36. g4 Qf7 37. Qe3 Kh8 38. Kh2 Kg8 39. Kg3 Kh8 40. Kh2 Kg8 $1 41. Qd3 Kh8 {[%emt 0:02:57] [#]} (41... h6 $142) 42. f5 $1 gxf5 43. gxf5 Qh5 ({Don't go for} 43... exf5 $2 44. Rxd5 Rxd5 45. Qxd5 $18) 44. Rf2 Qf7 45. f6 (45. Rh4 {simplifies} Bxa2 46. Qc2 exf5 47. Qxa2 Qxa2 48. Rxa2 Rd3 49. Bc1) 45... gxf6 46. exf6 e5 47. Rh4 Bxc6 48. Qe3 {[%emt 0:00:00] Dancing on a razor blade.} (48. Qc2 $16 Bd7 49. Qxc7) 48... Bb7 $14 {[%emt 0:01:30] White must now prevent ...Rd1.} 49. Rg4 $1 {[%emt 0:00:06][%mdl 1024] Threatens to win with Rg7. White has compensation.} Rd1 {[%emt 0:01:09] ...Red8 would now be deadly.} 50. Bb2 {[%emt 0:02:39] Weighted Error Value: White=0.17 (very precise) /Black=0.15 (very precise) .  Mistake:       	White=5     	Black=4      Inaccurate:     	White=2     	Black=2      OK:         	White=14    	Black=10     Best:        	White=2     	Black=5      Strong:       	White=2     	Black=2} (50. Qg5 $1 $14 Rh1+ 51. Kg3 Rg1+ 52. Kh4 Rxg4+ 53. hxg4) 1/2-1/2